Map: [ESL] Gresvan

Players

Arrogfire

  • Race: Protoss Protoss
  • Spawn Location: 11:00

Rail - Winner!

  • Race: Protoss Protoss
  • Spawn Location: 5:00

Event: ESL SC2 Masters 2023 Summer (Finals)

VOD

Have the link to the VOD?

Description

Time

  • Played on: June 16, 2023, 6:32 a.m.
  • Length: 17:02

All games in this series

Show
View Real Time Build Order
Export as new Build Order

Arrogfire Protoss 

Build Orders: Phoenix Opening 

Get SALT Encoding   

  12  0:00  Probe  
  13  0:12  Probe  
  14  0:17  Pylon  
  14  0:24  Probe (Chrono Boost)  
  15  0:36  Probe (Chrono Boost), Gateway  
  16  0:44  Probe (Chrono Boost)  
  16  0:46  Assimilator  
  17  0:51  Probe  
  17  0:55  Assimilator  
  18  1:03  Probe (Chrono Boost)  
  19  1:08  Gateway  
  19  1:12  Probe (Chrono Boost)  
  19  1:17  Probe (Chrono Boost)  
  21  1:26  Cybernetics Core  
  21  1:30  Probe  
  22  1:37  Pylon  
  22  1:42  Probe  
  23  1:55  Probe  
  24  2:02  Robotics Facility, Warp Gate  
  24  2:04  Sentry  
  26  2:13  Stalker  
  28  2:20  Pylon  
  28  2:27  Stalker  
  30  2:35  Phoenix  
  30  2:43  Stalker  
  32  2:48  Immortal (Chrono Boost)  
  36  2:59  Stalker  
  37  3:17  Warp Prism (Chrono Boost)  
  39  3:27  Gateway  
  39  3:38  Pylon  
  35  3:50  Immortal  
  39  4:02  Stalker, Sentry  
  41  4:07  Pylon  
  43  4:27  Immortal (Chrono Boost)  
  47  4:36  Adept  
  47  4:37  Adept  
  51  4:43  Sentry  
  53  4:59  Pylon  
  53  5:07  Sentry  
  55  5:17  Observer  
  54  5:24  Probe, Nexus  
  55  5:33  Twilight Council  
  55  5:39  Probe  
  55  5:42  Pylon  
  56  5:49  Stalker  
  58  5:53  Zealot  
  60  6:03  Stalker  
  62  6:04  Probe  
  62  6:06  Observer  
  62  6:08  Blink (Chrono Boost)  
  63  6:21  Stalker  
  65  6:26  Shield Battery  
  65  6:35  Gateway  
  65  6:40  Probe  
  66  6:52  Probe  
  68  6:55  Stalker  
  68  7:00  Pylon  
  69  7:10  Probe  
  69  7:12  Shield Battery  
  70  7:18  Probe  
  70  7:19  Stalker  
  70  7:22  Probe  
  74  7:24  Stalker  
  76  7:31  Pylon  
  76  7:35  Probe  
  77  7:38  Stalker  
  78  7:48  Robotics Facility  
  78  7:49  Probe x2  
  80  8:01  Probe  
  79  8:08  Stalker x3  
  47  8:37  Warp Prism (Chrono Boost)  
  47  8:39  Stalker x4  
  50  8:44  Assimilator  
  50  9:02  Stalker x3  
  56  9:06  Stalker  
  58  9:13  Probe x2  
  60  9:19  Observer  
  61  9:35  Stalker x4  
  61  9:38  Probe  
  70  9:56  Nexus  
  70  10:04  Probe  
  69  10:07  Stalker  
  69  10:10  Stalker  
  69  10:13  Pylon  
  73  10:15  Probe  
  73  10:19  Probe  
  75  10:27  Probe  
  72  10:32  Probe  
  67  10:36  Stalker x3  
  67  10:41  Shield Battery  
  73  10:48  Nexus, Sentry  
  73  10:49  Probe  
  76  10:54  Probe  
  76  10:59  Stalker  
  76  11:02  Probe  
  79  11:06  Probe, Forge  
  80  11:14  Probe  
  81  11:18  Probe  
  81  11:20  Stalker x2  
  86  11:27  Probe  
  86  11:29  Stalker  
  86  11:31  Probe  
  90  11:37  Protoss Ground Weapons Level 1 (Chrono Boost)  
  90  11:38  Pylon  
  90  11:39  Observer  
  91  11:44  Probe x2 (Chrono Boost)  
  94  11:58  Probe (Chrono Boost), Stalker x3  
  90  12:12  Stalker  
  82  12:17  Shield Battery  
  80  12:24  Stalker x3  
  80  12:25  Charge (Chrono Boost)  
  80  12:27  Gateway  
  80  12:29  Probe  
  87  12:30  Gateway  
  87  12:32  Assimilator  
  87  12:36  Stalker  
  89  12:38  Phoenix  
  81  12:53  Stalker x3  
  81  12:57  Warp Prism (Chrono Boost)  
  83  12:59  Probe  
  83  13:00  Gateway x2  
  86  13:06  Zealot  
  86  13:09  Pylon  
  88  13:17  Zealot x3  
  94  13:21  Templar Archives  
  94  13:23  Zealot  
  96  13:27  Zealot x2  
  96  13:29  Protoss Ground Weapons Level 2 (Chrono Boost)  
  100  13:41  Pylon  
  100  13:46  Zealot x3  
  100  13:47  Pylon  
  106  13:49  Zealot  
  106  13:50  Zealot x2  
  106  13:53  Pylon  
  112  13:57  High Templar x2  
  112  14:01  Archon  
  116  14:06  High Templar x2, Zealot  
  122  14:11  Archon  
  122  14:12  Zealot x3  
  128  14:26  Nexus  
  128  14:27  High Templar  
  128  14:30  High Templar, Zealot  
  134  14:32  Probe x2  
  134  14:34  Pylon, Archon  
  134  14:37  Zealot x3  
  142  14:42  Sentry  
  144  14:48  Zealot  
  146  14:53  Zealot  
  148  15:00  Zealot x4  
  156  15:07  Pylon  
  156  15:14  Pylon  
  156  15:16  Shield Battery  
  156  15:25  Gateway  
  156  15:27  High Templar x2, Gateway  
  160  15:31  Archon  
  160  15:32  Zealot x3  
  160  15:34  Zealot  
  166  15:36  Observer  
  166  15:44  Probe x3  
  169  15:51  Assimilator  
  169  15:52  Zealot x2  
  173  15:59  Observer  
  172  16:16  Nexus  
  172  16:17  Pylon  
  172  16:21  Zealot x4  
  172  16:22  Zealot x2  
  184  16:25  Assimilator  
  184  16:26  Pylon  
  124  16:42  Stalker x6  
  84  16:54  Stalker x2  
  84  16:55  Zealot x2  
Show
View Real Time Build Order
Export as new Build Order

Rail Protoss - Winner!

Build Orders:  

Get SALT Encoding   

  12  0:00  Probe  
  13  0:13  Probe  
  14  0:17  Pylon  
  14  0:25  Probe  
  15  0:37  Probe (Chrono Boost), Gateway  
  16  0:46  Assimilator  
  16  0:49  Probe (Chrono Boost)  
  17  0:53  Probe (Chrono Boost)  
  17  0:56  Assimilator  
  18  1:03  Probe (Chrono Boost)  
  19  1:07  Gateway  
  19  1:14  Probe (Chrono Boost)  
  20  1:19  Probe (Chrono Boost)  
  20  1:24  Cybernetics Core  
  21  1:31  Probe  
  22  1:33  Pylon  
  22  1:43  Probe  
  23  1:55  Probe  
  23  2:00  Stalker x2  
  23  2:01  Warp Gate  
  28  2:07  Pylon  
  28  2:08  Probe  
  29  2:30  Stalker x2  
  33  2:40  Robotics Facility  
  33  2:45  Shield Battery  
  33  3:00  Stalker, Sentry  
  37  3:06  Pylon  
  37  3:14  Shield Battery  
  37  3:26  Nexus  
  36  3:28  Warp Prism (Chrono Boost)  
  38  3:35  Probe  
  36  3:52  Pylon  
  36  3:55  Immortal (Chrono Boost), Sentry, Shield Battery  
  36  3:57  Stalker  
  43  4:20  Zealot  
  45  4:27  Immortal  
  49  4:39  Stargate  
  47  4:46  Adept x2  
  51  5:04  Gateway  
  51  5:05  Pylon  
  51  5:06  Sentry  
  51  5:16  Immortal  
  55  5:29  Pylon  
  55  5:31  Zealot  
  57  5:38  Phoenix  
  59  5:46  Shield Battery  
  59  6:03  Immortal  
  61  6:10  Phoenix  
  63  6:18  Zealot  
  63  6:22  Pylon  
  65  6:27  Adept  
  67  6:38  Phoenix  
  73  6:59  Pylon  
  67  7:12  Observer (Chrono Boost)  
  64  7:17  Nexus  
  64  7:19  Pylon  
  64  7:20  Probe  
  65  7:25  Phoenix  
  67  7:38  Shield Battery  
  67  7:39  Sentry  
  67  7:40  Probe  
  70  7:52  Phoenix  
  64  8:17  Adept  
  54  8:22  Immortal  
  54  8:39  Probe (Chrono Boost), Phoenix  
  55  8:42  Probe (Chrono Boost)  
  56  8:51  Probe (Chrono Boost)  
  56  8:54  Probe (Chrono Boost)  
  56  8:55  Assimilator  
  58  8:57  Probe (Chrono Boost)  
  58  8:58  Probe (Chrono Boost)  
  58  9:00  Immortal  
  60  9:04  Phoenix  
  60  9:05  Probe  
  60  9:09  Probe  
  64  9:10  Assimilator  
  64  9:17  Probe  
  64  9:21  Stargate  
  64  9:22  Probe  
  66  9:25  Sentry  
  66  9:29  Probe  
  69  9:37  Immortal  
  73  9:47  Phoenix (Chrono Boost)  
  75  9:54  Pylon  
  75  9:55  Stalker  
  77  10:10  Phoenix x2 (Chrono Boost)  
  79  10:25  Observer  
  79  10:26  Probe  
  78  10:30  Phoenix  
  78  10:36  Phoenix  
  78  10:38  Adept  
  82  10:44  Nexus  
  82  10:46  Pylon  
  82  10:48  Probe  
  82  10:49  Probe  
  84  10:55  Phoenix  
  86  11:00  Probe  
  86  11:02  Phoenix  
  89  11:05  Sentry  
  89  11:20  Phoenix, Shield Battery  
  89  11:27  Phoenix  
  91  11:35  Probe x2  
  91  11:38  Adept  
  95  11:41  Shield Battery  
  95  11:45  Phoenix  
  97  11:48  Probe  
  97  11:50  Probe  
  97  11:52  Phoenix  
  101  12:00  Probe  
  102  12:03  Probe  
  97  12:10  Phoenix  
  97  12:13  Observer  
  97  12:14  Immortal  
  101  12:17  Phoenix  
  101  12:18  Probe (Chrono Boost)  
  104  12:23  Sentry  
  104  12:25  Probe (Chrono Boost)  
  104  12:26  Probe (Chrono Boost)  
  109  12:30  Probe (Chrono Boost), Twilight Council  
  109  12:31  Forge  
  109  12:36  Probe (Chrono Boost)  
  109  12:37  Probe (Chrono Boost)  
  111  12:39  Assimilator  
  111  12:41  Assimilator  
  111  12:47  Phoenix  
  111  12:53  Probe  
  111  12:55  Probe  
  111  12:57  Probe  
  114  12:59  Charge  
  114  13:02  Gateway  
  114  13:03  Protoss Ground Weapons Level 1 (Chrono Boost)  
  114  13:04  Adept  
  116  13:06  Gateway  
  116  13:07  Gateway  
  116  13:14  Photon Cannon  
  116  13:16  Photon Cannon  
  116  13:20  Gateway  
  116  13:25  Photon Cannon  
  116  13:30  Templar Archives  
  116  13:34  Zealot  
  118  13:38  Shield Battery  
  118  13:40  Pylon  
  118  13:42  Immortal  
  118  13:45  Pylon  
  122  13:53  Fleet Beacon  
  122  13:56  Zealot  
  122  14:00  Zealot  
  126  14:06  High Templar x2  
  130  14:10  Gateway  
  130  14:11  Archon  
  130  14:16  Zealot x2  
  134  14:25  Protoss Air Weapons Level 1 (Chrono Boost)  
  134  14:28  Pylon  
  134  14:31  Pylon  
  134  14:35  Carrier (Chrono Boost)  
  134  14:37  Carrier (Chrono Boost)  
  140  14:45  Pylon  
  146  14:53  Pylon  
  146  15:09  Pylon  
  146  15:22  Carrier (Chrono Boost)  
  146  15:23  Carrier (Chrono Boost)  
  146  15:24  Zealot x2  
  162  15:42  Zealot x4  
  170  15:56  Warp Prism  
  172  15:59  Pylon  
  172  16:08  High Templar  
  172  16:09  High Templar, Zealot x3  
  182  16:15  Archon  
  188  16:24  Pylon  
  141  16:43  Zealot x3  
  141  16:44  Zealot x3  
Tags
 
Add a new tag
Caveats
  • Supply blocks, unpowered buildings, or Contaminate may cause inaccurate times.
  • Supply counts are checked every 10 seconds.